 Dungeon Crawl Stone Soup version 0.14-a0-836-g5210f43 (webtiles) character file.

784 PolkaDot the Jinx (level 7, -3/47 HPs)
             Began as a Vampire Enchanter on Nov 13, 2013.
             Was an Initiate of Ashenzari.
             Slain by a profane servitor
             ... wielding a +3,+1 demon whip
              (11 damage)
             ... on Level 1 of the Abyss.
             The game lasted 00:15:35 (3954 turns).

PolkaDot the Jinx (Vampire Enchanter)               Turns: 3954, Time: 00:15:35

HP  -3/47        AC  6     Str  7      XL: 7   Next:  1%
MP  11/11        EV 12     Int 18      God: Ashenzari [......]
Gold 265         SH  0     Dex 15      Spells:  2 memorised,  4 levels left

Res.Fire  : + . .   See Invis. : +   A - +3 dwarf dagger (drain)
Res.Cold  : . . .   Warding    : .   b - +1 robe
Life Prot.: . . .   Conserve   : .   (no shield)
Res.Poison: .       Res.Corr.  : .   (no helmet)
Res.Elec. : .       Clarity    : .   k - +0 cloak
Sust.Abil.: . .     Spirit.Shd : .   w - +0 pair of gloves
Res.Mut.  : .       Stasis     : .   x - +0 pair of orc boots
Res.Rott. : .       Flight     : .   (no amulet)
Saprovore : . . .                    (no ring)
                                     J - ring of protection from fire {unknown}

@: regenerating quickly, wreathed by umbra, slightly resistant to hostile
enchantments, extremely stealthy
A: bottle blood, fangs 3, see invisible, unbreathing
a: Bottle Blood, Renounce Religion


You were on level 1 of the Abyss.
You worshipped Ashenzari.
Ashenzari was noncommittal.
You were full.

You visited 2 branches of the dungeon, and saw 6 of its levels.
You visited the Abyss 1 time.
You also visited: Sewer.

You collected 265 gold pieces.

Inventory:

Hand weapons
 o - a +1,+2 elven short sword of distortion
 A - a +3,+3 dwarven dagger of draining (weapon)
Missiles
 d - 12 darts (quivered)
Armour
 b - a +1 robe (worn)
 k - a +0 cloak (worn)
 w - a +0 pair of gloves (worn)
 x - a +0 pair of orcish boots (worn)
Magical devices
 v - a wand of teleportation (5) {unknown}
Scrolls
 a - a scroll of amnesia {unknown}
 e - a scroll of magic mapping {unknown}
 g - 2 scrolls of teleportation {unknown}
 h - 3 scrolls of curse weapon
 j - 3 scrolls of enchant armour {unknown}
 m - 3 scrolls of random uselessness {unknown}
 p - 3 scrolls of fear {unknown}
 r - 3 scrolls of remove curse
 s - a scroll of noise {unknown}
 t - 2 scrolls of enchant weapon I {unknown}
 y - 2 scrolls of immolation {unknown}
 B - 3 scrolls of identify {unknown}
 C - a scroll of blinking {unknown}
 G - a scroll of curse armour
 I - a scroll of enchant weapon II {unknown}
Jewellery
 J - a ring of protection from fire (left hand) {unknown}
Potions
 f - a potion of flight {unknown}
 i - 2 potions of curing {unknown}
 l - 2 potions of heal wounds {unknown}
 n - 3 potions of restore abilities {unknown}
 q - a potion of paralysis {unknown}
 u - a potion of agility {unknown}
 D - a potion of might {unknown}
 E - a potion of brilliance {unknown}
 F - a potion of cure mutation {unknown}
 H - a potion of mutation {unknown}
Books
 c - a book of Maledictions

   Spells                             Type                      Level
   *Corona                            Hexes                        1
   Sure Blade                         Hexes/Charms                 2
   Ensorcelled Hibernation            Hexes/Ice                    2
   *Confuse                           Hexes                        3
   Enslavement                        Hexes                        4
   Invisibility                       Hexes                        6
Magical staves
 z - an uncursed staff of earth


   Skills:
 - Level 2.2 Fighting
 + Level 4.2 Short Blades
 - Level 0.7 Throwing
 - Level 2.1 Dodging
 + Level 5.4 Stealth
 - Level 1.0 Spellcasting
 * Level 8.1 Hexes


You had 4 spell levels left.
You knew the following spells:

 Your Spells              Type           Power        Failure   Level  Hunger
A - Corona                Hex            ####...      1%          1    ##.....
C - Confuse               Hex            ####....     2%          3    ####...


Dungeon Overview and Level Annotations

Branches:
Dungeon (5/16)             Temple (1/1) D:4

Altars:
Ashenzari
Cheibriados
Elyvilon
Kikubaaqudgha
Nemelex Xobeh
Okawaru
Sif Muna
Trog
Vehumet
Xom
Zin
the Shining One

Portals:
Ziggurat: D:5 (4270 gp)


Innate Abilities, Weirdness & Mutations

Your natural rate of healing is unusually fast.
You can bottle blood from corpses.
You have razor-sharp teeth.*
You have supernaturally acute eyesight.
You can survive without breathing.*


Message History

Okay, then.
Okay, then.
Put on which piece of jewellery? (? for menu, Esc to quit)
Okay, then.
Read which item? (? for menu, Esc to quit)
Okay, then.
A slime creature comes into view.
Found a scroll of remove curse.
A profane servitor comes into view. It is wielding a glowing demon whip.
A profane servitor emerges from the beyond.
Read which item? (? for menu, Esc to quit)
Okay, then.
The profane servitor barely misses you.
The profane servitor hits you with a glowing demon whip!
The profane servitor hits you with a glowing demon whip!
The profane servitor hits you with a glowing demon whip.
The profane servitor hits you with a glowing demon whip!
* * * LOW HITPOINT WARNING * * *
The profane servitor hits you with a glowing demon whip!
You die...

. ..... . ......
.....
.#+##......
..##...##.....#
....#.....#....#
. ............#
.. .. ...##....
#.....#'#)....#.
#.. .........##
#.. .#...##..A@#
##..##....#.# ..
#..#.#..##...
.... ##..##.###
#.## #..
....#.## .# ##.
###.### #.
..#..####.# ##
.. . ....# ....
#####


You could see a profane servitor.

Vanquished Creatures
  2 hounds
  A crimson imp (D:4)
  6 worker ants
  A green rat (D:3)
  7 adders
  A worm (D:4)
  4 orcs
  6 bats
  4 goblins
  7 hobgoblins
  10 jackals
  14 kobolds
  A quokka (D:3)
  5 ball pythons
  4 giant cockroaches
  2 giant geckos (D:3)
  4 giant newts
  A goblin skeleton (D:4)
  9 rats
89 creatures vanquished.

Vanquished Creatures (others)
  The ghost of wojtek the Insei, an average MfTm (D:3)
  A giant slug (Sewer)
  A hound (D:5)
  An adder (D:3)
  An orc (D:5)
  A giant cockroach (D:5)
  A hobgoblin (D:5)
  A rat (D:5)
8 creatures vanquished.

Grand Total: 97 creatures vanquished

Notes
Turn   | Place    | Note
--------------------------------------------------------------
     0 | D:1      | PolkaDot, the Vampire Enchanter, began the quest for the Orb.
     0 | D:1      | Reached XP level 1. HP: 13/13 MP: 4/4
   347 | D:1      | Reached XP level 2. HP: 4/19 MP: 3/5
  1020 | D:2      | Reached skill level 5 in Hexes
  1253 | D:2      | Reached XP level 3. HP: 16/24 MP: 6/6
  1659 | D:3      | Learned a level 3 spell: Confuse
  1703 | D:3      | Reached XP level 4. HP: 16/30 MP: 8/8
  1753 | D:3      | Noticed wojtek's ghost (average MfTm)
  1774 | D:3      | Banished wojtek's ghost
  1774 | D:3      | Reached skill level 6 in Hexes
  1840 | D:3      | Found a glowing drain.
  1845 | D:3      | Reached XP level 5. HP: 35/35 MP: 9/9
  1860 | Sewer    | Entered a sewer
  1923 | Sewer    | Reached skill level 7 in Hexes
  2113 | D:3      | Noticed a moth of wrath
  2116 | D:3      | Found a bloodstained altar of Trog.
  2360 | D:3      | Reached XP level 6. HP: 39/41 MP: 10/10
  2583 | D:4      | Found a staircase to the Ecumenical Temple.
  2594 | Temple   | Entered the Ecumenical Temple
  2873 | Temple   | Became a worshipper of Ashenzari the Shackled
  2899 | D:4      | Reached skill level 5 in Stealth
  3035 | D:4      | Reached skill level 8 in Hexes
  3401 | D:5      | Entered Level 5 of the Dungeon
  3406 | D:5      | Found a shimmering altar of Xom.
  3620 | D:5      | Found a gateway to a ziggurat.
  3850 | D:5      | Reached skill level 1 in Fighting
  3857 | D:5      | Reached XP level 7. HP: 32/47 MP: 11/11
  3915 | D:5      | Cast into the Abyss (a distortion unwield)
  3935 | Abyss:1  | Noticed a slime creature
  3945 | Abyss:1  | Noticed a profane servitor
  3954 | Abyss:1  | Slain by a profane servitor

Action                   |  1- 3 |  4- 6 |  7- 9 || total
-------------------------+-------+-------+-------++-------
Melee: Dagger            |   106 |       |       ||   106
       Short sword       |    16 |   143 |       ||   159
 Cast: Corona            |     3 |       |       ||     3
       Confuse           |       |     1 |       ||     1
  Use: Potion            |     1 |       |       ||     1
 Stab: Sleeping          |     9 |     8 |       ||    17
